 Dungeon Crawl Stone Soup version 0.28.0-55-gcd9437bce4 (webtiles) character file.

Game seed: 9789058615937063282

245 nerdsy the Grave Robber (level 6, -3/44 HPs)
             Began as a Gnoll Necromancer on Dec 28, 2022.
             Slain by a phantom (6 damage)
             ... on level 4 of the Dungeon.
             The game lasted 00:26:17 (4638 turns).

nerdsy the Grave Robber (Gnoll Necromancer)         Turns: 4638, Time: 00:26:17

Health: -3/44      AC: 14    Str:  7    XL:     6   Next: 10%
Magic:  13/13      EV:  8    Int: 16    God:
Gold:   218        SH:  0    Dex: 13    Spells: 14/15 levels left

rFire   . . .      SeeInvis .   d - +0 dagger (venom)
rCold   . . .      Faith    +   (no shield)
rNeg    . . .      Spirit   .   g - +0 scale mail
rPois   .          Reflect  .   y - +2 hat
rElec   .          Harm     .   (no cloak)
rCorr   .          Rampage  .   h - +2 pair of gloves
Will    .....                   B - +2 pair of boots {Fly}
Stlth   +.........              v - amulet of faith
HPRegen 0.14/turn               p - ring of flight
MPRegen 0.13/turn               (no ring)

@: flying
A: fangs 1, strong nose, distributed training
a: no special abilities


You were on level 4 of the Dungeon.
You visited 1 branch of the dungeon, and saw 4 of its levels.

You collected 218 gold pieces.

Inventory:

Hand Weapons
 d - a +0 dagger of venom (weapon)
 k - a +0 falchion
 o - a +0 falchion
 s - a +0 short sword of flaming
Missiles
 b - 22 bolts
 j - 39 sling bullets
 q - 11 poisoned darts
 w - 10 stones
 x - 38 arrows
Armour
 a - a +0 robe
 c - a +0 ring mail
 g - a +0 scale mail (worn)
 h - a +2 pair of gloves (worn)
 i - a +0 leather armour
 m - a +0 plate armour
 y - a +2 hat (worn)
 z - a +0 scale mail
 B - a +2 pair of boots of flying (worn)
Jewellery
 p - a ring of flight (left hand)
 v - an amulet of faith (around neck)
 C - a ring of positive energy
Scrolls
 e - 2 scrolls of blinking {unknown}
 n - a scroll of magic mapping {unknown}
 r - a scroll of brand weapon {unknown}
 t - 2 scrolls of identify {unknown}
 u - a scroll of teleportation {unknown}
Potions
 f - a potion of flight {unknown}
 l - a potion of brilliance {unknown}
 A - a potion of might {unknown}


   Skills:
 + Level 1.8 Fighting
 + Level 1.8 Short Blades
 + Level 1.8 Long Blades
 + Level 1.8 Axes
 + Level 1.8 Maces & Flails
 + Level 1.8 Polearms
 + Level 1.8 Staves
 + Level 1.8 Slings
 + Level 1.8 Bows
 + Level 1.8 Crossbows
 + Level 1.8 Throwing
 + Level 1.8 Armour
 + Level 4.9 Dodging
 + Level 4.5 Stealth
 + Level 1.8 Shields
 + Level 1.8 Unarmed Combat
 + Level 5.3 Spellcasting
 + Level 1.4 Conjurations
 + Level 1.4 Hexes
 + Level 1.4 Summonings
 + Level 7.2 Necromancy
 + Level 1.4 Translocations
 + Level 1.4 Transmutations
 + Level 1.4 Fire Magic
 + Level 1.4 Ice Magic
 + Level 1.4 Air Magic
 + Level 1.4 Earth Magic
 + Level 1.4 Poison Magic
 + Level 2.0 Invocations
 + Level 1.8 Evocations


You had 14 spell levels left.
You knew the following spells:

 Your Spells              Type           Power      Damage    Failure   Level
a - Pain                  Necr           100%       1d9       9%          1

Your spell library contained the following spells:

 Spells                   Type           Power      Damage    Failure   Level
 Animate Skeleton         Necr           54%        N/A       9%          1
 Vampiric Draining        Necr           27%        2d7       26%         3
 Animate Dead             Necr           13%        N/A       65%         4
 Agony                    Necr           27%        N/A       94%         5


Dungeon Overview and Level Annotations

Branches:
Dungeon (4/15)
 Temple: D:4-7

Altars:


Innate Abilities, Weirdness & Mutations

You have very sharp teeth.
Your uncanny sense of smell can sniff out nearby items.
Your experience applies equally to all skills.


Message History

The phantom is moderately damaged.
The phantom hits you.
You barely miss the phantom. You bite the phantom, but do no damage.
The phantom is moderately damaged.
The phantom hits you.
* * * LOW HITPOINT WARNING * * *
You hit the phantom but do no damage.
The phantom is moderately damaged.
You hit the phantom.
The phantom is moderately damaged.
The phantom hits you.
* * * LOW HITPOINT WARNING * * *
You barely miss the phantom.
The phantom is moderately damaged.
The phantom hits you.
* * * LOW HITPOINT WARNING * * *
You hit the phantom but do no damage. Your bite misses the phantom.
The phantom is moderately damaged.
The phantom barely misses you.
You hit the phantom. You bite the phantom, but do no damage.
The phantom is moderately damaged.
The phantom hits you but does no damage.
You closely miss the phantom.
The phantom is moderately damaged.
The phantom barely misses you.
You hit the phantom but do no damage. Your bite misses the phantom.
The phantom is moderately damaged.
The phantom barely misses you.
You closely miss the phantom.
The phantom is moderately damaged.
The phantom barely misses you.
You barely miss the phantom.
The phantom is moderately damaged.
The phantom hits you.
* * * LOW HITPOINT WARNING * * *
The phantom blinks!
You blink.
You hit the phantom.
The phantom is moderately damaged.
The phantom hits you.
You die...

.. #...########. .......
#............ .......
#............ .......##
##............ .......##
##.............
#......####..######......
#...>...##..## ##...÷.
#..........## ##...#. ###
...#†..@.## #...##. ....
##...W# ##..###. ....##
#....# ##..## ##
......###....# ##..## #
.......#§....## ##..## #
.......<)§##..####..## #
.........####......##
.........## #.....##
..........####....##


You could see a phantom.

Vanquished Creatures
  A necrophage (D:4)
  A killer bee zombie (D:4)
  5 adders
  An adder zombie (D:4)
  A worm (D:4)
  3 dart slugs (D:1)
  8 ball pythons
  7 endoplasms
  5 giant cockroaches
  7 goblins
  6 hobgoblins
  3 jackals (D:1)
  5 kobolds
  3 quokkas
  9 bats
  2 frilled lizards (D:3)
  10 rats
77 creatures vanquished.

Notes
Turn   | Place    | Note
-------+----------+-------------------------------------------
     0 | D:1      | nerdsy the Gnoll Necromancer began the quest for the Orb.
     0 | D:1      | Reached XP level 1. HP: 13/13 MP: 6/6
   125 | D:1      | Reached XP level 2. HP: 8/19 MP: 0/7
   733 | D:1      | Reached XP level 3. HP: 16/25 MP: 0/9
  1075 | D:1      | Reached skill level 5 in Spellcasting
  1423 | D:1      | Found a faded altar of an unknown god.
  1556 | D:1      | Reached skill level 1 in Invocations
  1799 | D:2      | Reached skill level 1 in Fighting
  1799 | D:2      | Reached skill level 1 in Short Blades
  1799 | D:2      | Reached skill level 1 in Long Blades
  1799 | D:2      | Reached skill level 1 in Axes
  1799 | D:2      | Reached skill level 1 in Maces & Flails
  1799 | D:2      | Reached skill level 1 in Polearms
  1799 | D:2      | Reached skill level 1 in Staves
  1799 | D:2      | Reached skill level 1 in Slings
  1799 | D:2      | Reached skill level 1 in Bows
  1799 | D:2      | Reached skill level 1 in Crossbows
  1799 | D:2      | Reached skill level 1 in Throwing
  1799 | D:2      | Reached skill level 1 in Armour
  1799 | D:2      | Reached skill level 1 in Shields
  1799 | D:2      | Reached skill level 1 in Unarmed Combat
  1799 | D:2      | Reached skill level 1 in Evocations
  1916 | D:2      | Reached XP level 4. HP: 28/32 MP: 7/11
  2882 | D:2      | Reached skill level 1 in Conjurations
  2882 | D:2      | Reached skill level 1 in Hexes
  2882 | D:2      | Reached skill level 1 in Summonings
  2882 | D:2      | Reached skill level 1 in Translocations
  2882 | D:2      | Reached skill level 1 in Transmutations
  2882 | D:2      | Reached skill level 1 in Fire Magic
  2882 | D:2      | Reached skill level 1 in Ice Magic
  2882 | D:2      | Reached skill level 1 in Air Magic
  2882 | D:2      | Reached skill level 1 in Earth Magic
  2882 | D:2      | Reached skill level 1 in Poison Magic
  3511 | D:3      | Reached XP level 5. HP: 35/37 MP: 8/12
  4485 | D:4      | Noticed a necrophage
  4530 | D:4      | Killed a necrophage
  4531 | D:4      | Reached XP level 6. HP: 21/44 MP: 13/13
  4638 | D:4      | Slain by a phantom

Illustrated notes

Levels and vault maps discovered:
D:1:      lemuel_arrival_river_ford, layout_basic,
          hellmonk_ecumenical_altar_leap_of_faith
D:2:      minmay_inner_zag, layout_loops_cross, minmay_split_cup_small
D:3:      layout_loops_ring, kennysheep_generic_room_15
D:4:      layout_layer_cave

Skill      XL: |  1  2  3  4  5 |
---------------+----------------+-----
Spellcasting   | 5 |  5.3
Invocations    | 1 2 |  2.0
Fighting       | 1 |  1.8
Short Blades   | 1 |  1.8
Long Blades    | 1 |  1.8
Axes           | 1 |  1.8
Maces & Flails | 1 |  1.8
Polearms       | 1 |  1.8
Staves         | 1 |  1.8
Slings         | 1 |  1.8
Bows           | 1 |  1.8
Crossbows      | 1 |  1.8
Throwing       | 1 |  1.8
Armour         | 1 |  1.8
Shields        | 1 |  1.8
Unarmed Combat | 1 |  1.8
Evocations     | 1 |  1.8
Conjurations   | 1 |  1.4
Hexes          | 1 |  1.4
Summonings     | 1 |  1.4
Translocations | 1 |  1.4
Transmutations | 1 |  1.4
Fire Magic     | 1 |  1.4
Ice Magic      | 1 |  1.4
Air Magic      | 1 |  1.4
Earth Magic    | 1 |  1.4
Poison Magic   | 1 |  1.4
Dodging        | |  4.9
Stealth        | |  4.5
Necromancy     | |  7.2

Action                   |  1- 3 |  4- 6 || total
-------------------------+-------+-------++-------
Melee: Unarmed           |     1 |       ||     1
       Dagger            |    60 |   197 ||   257
       Bite              |     7 |    21 ||    28
       Punch             |       |     3 ||     3
 Cast: Pain              |    37 |    38 ||    75
 Stab: Sleeping          |     2 |     2 ||     4
Armor: Ring mail         |    14 |       ||    14
       Scale mail        |    26 |   142 ||   168
Dodge: Dodged            |    48 |    77 ||   125
